 Dungeon Crawl Stone Soup version 0.31-a0-175-g9f7f995f2b (webtiles) character file.

Game seed: 1431632287769827828

13779 CowFu the Zephyrmancer (level 11, -2/99 HPs)
             Began as a Demigod Air Elementalist on June 16, 2023.
             Slain by a gargoyle
             ... wielding a +0 morningstar
              (17 damage)
             ... on level 11 of the Dungeon on June 17, 2023.
             The game lasted 00:25:08 (15485 turns).

CowFu the Zephyrmancer (Demigod Air Elementalist)  Turns: 15485, Time: 00:25:08

Health: -2/99      AC:  8    Str:  9    XL:     11   Next: 51%
Magic:  2/26       EV: 16    Int: 29    God:
Gold:   1593       SH:  0    Dex: 23    Spells: 0/13 levels left

rFire   + . .        a - +10 short sword "Qonuadgho" {freeze, +Blink rPois Dex+3}
rCold   . . .        w - orb {light}
rNeg    . . .        i - +1 leather armour of Heogg {rF+ Regen+}
rPois   +            (no helmet)
rElec   .            y - +2 cloak {rCorr}
rCorr   +            c - +0 pair of gloves
SInv    .            (no boots)
Will    +....        f - amulet of regeneration
Stlth   +            K - ring of magical power
HPRegen 1.96/turn    v - +6 ring of dexterity
MPRegen 0.20/turn

%: no passive effects
@: swift, glowing, very quick
A: high MP 1, forlorn, divine attributes
a: Evoke Blink


You were on level 11 of the Dungeon.
You visited 1 branch of the dungeon, and saw 11 of its levels.
You also visited: Sewer and Bailey.

You collected 1617 gold pieces.
You spent 24 gold pieces at shops.

Inventory:

Hand Weapons
 a - the +10 short sword "Qonuadgho" (weapon) {freeze, +Blink rPois Dex+3}
   (You found it on level 5 of the Dungeon)

   Dex:       It affects your dexterity (+3).
   rPois:     It protects you from poison.
   +Blink:    It lets you blink.
Armour
 c - a +0 pair of gloves (worn)
 i - the +1 leather armour of Heogg (worn) {rF+ Regen+}
   (You found it on level 2 of the Dungeon)

   rF:        It protects you from fire.
   Regen:     It increases your rate of health regeneration.
 w - an orb of light (worn)
 y - a +2 cloak of preservation (worn)
 z - a +2 robe of cold resistance
 A - a +0 buckler
Jewellery
 f - an amulet of regeneration (around neck)
 v - a +6 ring of dexterity (right hand)
 C - an amulet of magic regeneration
 H - a ring of ice
 K - a ring of magical power (left hand)
Wands
 g - a wand of mindburst (22)
 s - a wand of iceblast (15)
 J - a wand of paralysis (7)
Scrolls
 h - a scroll of vulnerability
 r - 3 scrolls of fog
 x - 4 scrolls of amnesia
 F - a scroll of enchant weapon
 G - a scroll of enchant armour {unknown}
 I - a scroll of silence
Potions
 b - 2 potions of magic
 d - 3 potions of ambrosia
 e - a potion of invisibility
 j - 2 potions of curing
 k - 2 potions of lignification
 l - 2 potions of resistance
 m - 2 potions of brilliance
 n - 2 potions of attraction
 o - 2 potions of heal wounds {unknown}
 p - 4 potions of degeneration {unknown}
 q - 3 potions of might
 t - a potion of haste
 u - 2 potions of berserk rage {unknown}


   Skills:
 + Level 9.8 Fighting
 + Level 8.4 Short Blades
 + Level 6.2 Dodging
 - Level 1.7 Stealth
 - Level 1.7 Spellcasting
 - Level 0.8 Conjurations
 + Level 10.8 Air Magic


You couldn't memorise any spells.
You knew the following spells:

 Your Spells              Type           Power      Damage    Failure   Level
a - Shock                 Conj/Air       100%       1d9       1%          1
b - Static Discharge      Conj/Air       72%        2-5/arc   1%          2
c - Airstrike             Air            30%        2d(5-21)  1%          4
d - Vhi's Electric Charg  Tloc/Air       68%        N/A       4%          3
e - Swiftness             Air            60%        N/A       1%          3

Your spell library contained the following spells:

 Spells                   Type           Power      Damage    Failure   Level
 Apportation              Tloc           4%         N/A       12%         1
 Beastly Appendage        Tmut           4%         N/A       12%         1
 Sting                    Tmut/Pois      8%         1d3       12%         1
 Summon Small Mammal      Summ           8%         N/A       12%         1
 Blink                    Tloc           4%         N/A       19%         2
 Lesser Beckoning         Tloc           4%         N/A       19%         2
 Wereblood                Tmut           2%         N/A       19%         2
 Call Canine Familiar     Summ           2%         N/A       36%         3
 Portal Projectile        Hex/Tloc       4%         N/A       36%         3
 Spider Form              Tmut/Pois      2%         N/A       36%         3
 Summon Guardian Golem    Hex/Summ       2%         N/A       36%         3
 Tukima's Dance           Hex            2%         N/A       36%         3
 Blade Hands              Tmut           1%         N/A       98%         5
 Dispersal                Tloc           1%         N/A       100%        6
 Malign Gateway           Summ/Tloc      1%         N/A       100%        7
 Disjunction              Tloc           1%         N/A       100%        8


Dungeon Overview and Level Annotations

Branches:
Dungeon (11/15)            Temple (0/1) D:6             Orc (0/2) D:9
  Sewer (visited)          Bailey (visited)
   Lair: D:8-11

Shops:
D:3 (   D:8 *[

Portals:
Abyss: D:6

Annotations:
D:6 2 transporters, lunkers's ghost, novice MeEE


Innate Abilities, Weirdness & Mutations

You have an increased reservoir of magic. (+10% MP)
You shall have no god before yourself.
Your divine heritage dramatically boosts your attributes as you level up.


Message History

The lightning grounds out.
The gargoyle is struck by an arc of lightning!
The gargoyle resists.
The gargoyle is heavily damaged.
The kobold demonologist is struck by an arc of lightning.
The kobold demonologist is heavily wounded.
The red ugly thing is struck by an arc of lightning.
The red ugly thing is moderately wounded.
The white imp is struck by an arc of lightning!
The white imp is severely wounded.
The lightning grounds out.
The gargoyle closely misses you.
The kobold demonologist hits you but does no damage.
Casting: Static Discharge (safe; 1% risk of failure)
Confirm with . or Enter, or press ? or * to list all spells.
You don't have enough magic to cast this spell.
You hit the kobold demonologist. You freeze the kobold demonologist.
The kobold demonologist is heavily wounded.
The gargoyle completely misses you.
The kobold demonologist hits you but does no damage.
You hit the kobold demonologist. You freeze the kobold demonologist.
The kobold demonologist is severely wounded.
You puncture the kobold demonologist! You freeze the kobold demonologist!
You kill the kobold demonologist!
The white imp disappears in a puff of smoke!
The shadow imp disappears in a puff of smoke!
The quasit disappears in a puff of smoke!
The gargoyle hurls a stone arrow at you.
The stone arrow hits you!
You barely miss the red ugly thing.
The red ugly thing is moderately wounded.
The gargoyle hurls a stone arrow at you.
The stone arrow hits you! The red ugly thing tail-slaps you!
* * * LOW HITPOINT WARNING * * *
You are engulfed in flames!
You resist.
* * * LOW HITPOINT WARNING * * *
As you read the scroll of fear, it crumbles to dust.
You assume a fearsome visage.
The komodo dragon looks frightened!
The red ugly thing looks frightened!
The gargoyle is unaffected.
The gargoyle hits you with a +0 morningstar!
You die...

#.# #..........#
..# #..........##
..#
###............
...
.......)....>..(#
...
....#............
..#
###...###.....#
###.###.).#...#
#........##.#.##.
## #..##@#....#..
#.###u9....... ..
§.§.l..... ..
.#..<.[....
.#####.........
...............
##.....#.
##..###.... #5.##
.


You could see a red ugly thing (fleeing), a komodo dragon (fleeing) and a
gargoyle.

Vanquished Creatures
  A boulder beetle (D:9)
  Pikel (D:8)
  An orc knight (Bailey)
  Maurice (D:10)
  A komodo dragon (D:9)
  5 kobold demonologists
  2 trolls (D:9)
  3 hornets
  4 wraiths
  A wyvern (D:10)
  11 yaks (D:9)
  Grum (D:10)
  A warg (D:9)
  Menkaure (D:6)
  Duvessa (D:6)
  4 water moccasins
  An acid dragon (D:11)
  18 orc warriors
  A sky beast (D:8)
  2 ice beasts (D:8)
  2 black bears
  3 wolves (D:10)
  An ogre (D:4)
  2 centaurs
  2 lemures (D:8)
  2 kobold brigands
  2 bullfrogs (D:6)
  3 scorpions
  15 wights
  Dowan (D:6)
  5 killer bees (D:9)
  2 oklob saplings (D:10)
  A vampire bat (D:3)
  4 electric eels (Bailey)
  3 hounds
  4 jellies
  11 orc priests
  2 gnoll boudas (D:9)
  2 iguanas
  14 orc wizards
  18 gnolls
  11 river rats
  17 adders
  A shadow imp (D:6)
  4 white imps
  A worm (D:4)
  5 dart slugs
  55 orcs
  4 endoplasms
  6 giant cockroaches
  31 goblins
  21 hobgoblins
  25 kobolds
  5 quokkas
  16 ball pythons
  14 bats
  6 frilled lizards
  12 rats
394 creatures vanquished.

Vanquished Creatures (others)
  An orc warrior (D:9)
  A centaur (D:9)
  A gnoll sergeant (D:9)
3 creatures vanquished.

Grand Total: 397 creatures vanquished

Notes
Turn   | Place    | Note
-------+----------+-------------------------------------------
     0 | D:1      | CowFu the Demigod Air Elementalist began the quest for the
                  | Orb.
     0 | D:1      | Reached XP level 1. HP: 14/14 MP: 5/5
   185 | D:1      | Reached skill level 3 in Air Magic
   306 | D:1      | Reached XP level 2. HP: 20/20 MP: 0/7
  1101 | D:2      | Reached XP level 3. HP: 26/26 MP: 5/8
  1190 | D:2      | Reached skill level 4 in Air Magic
  1436 | D:2      | Identified the +1 leather armour of Heogg {rF+ Regen+}
  2055 | D:3      | Reached XP level 4. HP: 34/34 MP: 4/9
  2475 | D:3      | Identified the +6 hand axe "Beetlebane" {freeze, rC+ rCorr
                  | Dex-2}
  2714 | D:3      | Reached skill level 1 in Fighting
  2717 | D:3      | Learned a level 2 spell: Static Discharge
  2862 | D:3      | Found Etea's Weapon Emporium.
  3387 | D:3      | Reached XP level 5. HP: 41/41 MP: 2/10
  3861 | D:4      | Reached skill level 5 in Air Magic
  4162 | D:4      | Noticed an ogre
  4174 | D:4      | Killed an ogre
  4641 | D:4      | Reached XP level 6. HP: 50/51 MP: 11/11
  5547 | D:4      | Reached skill level 6 in Air Magic
  5585 | D:4      | Learned a level 4 spell: Airstrike
  5590 | D:5      | Entered Level 5 of the Dungeon
  5747 | D:5      | Found a glowing drain.
  5773 | Sewer    | Entered a sewer
  5871 | Sewer    | Reached XP level 7. HP: 59/59 MP: 12/12
  6481 | D:5      | Identified the +10 short sword "Qonuadgho" {freeze, +Blink
                  | rPois Dex+3}
  6772 | D:6      | Reached skill level 1 in Short Blades
  6777 | D:6      | Reached skill level 5 in Fighting
  6936 | D:6      | Noticed Menkaure
  6942 | D:6      | Killed Menkaure
  6943 | D:6      | Reached skill level 7 in Air Magic
  7014 | D:6      | Noticed Duvessa
  7016 | D:6      | Found a staircase to the Ecumenical Temple.
  7022 | D:6      | Reached XP level 8. HP: 69/69 MP: 13/13
  7029 | D:6      | Killed Duvessa
  7029 | D:6      | Noticed Dowan
  7035 | D:6      | Killed Dowan
  7566 | D:6      | Found a transporter.
  7585 | D:6      | Found a one-way gate to the infinite horrors of the Abyss.
  7585 | D:6      | Noticed lunkers's ghost (novice MeEE)
  7995 | D:6      | Noticed a white ugly thing
  7997 | D:6      | Found a transporter.
  8259 | D:7      | Reached skill level 8 in Air Magic
  8356 | D:7      | Reached XP level 9. HP: 78/78 MP: 14/14
  8799 | D:8      | Reached skill level 5 in Short Blades
  9118 | D:8      | Reached skill level 9 in Air Magic
  9477 | D:8      | Found Hinuga's Armour Shoppe.
  9499 | D:8      | Noticed Pikel
  9517 | D:8      | Killed Pikel
  9518 | D:8      | Found Vekkosi's General Store.
  9610 | D:8      | Bought a scroll of identify for 24 gold pieces
  9800 | D:9      | Noticed a komodo dragon
  9808 | D:9      | Killed a komodo dragon
  9999 | D:9      | Reached XP level 10. HP: 75/88 MP: 13/15
 10025 | D:9      | Found a flagged portal.
 10105 | Bailey   | Entered a bailey
 10328 | Bailey   | Noticed an orc knight
 10364 | Bailey   | Killed an orc knight
 10757 | Bailey   | Noticed a rust devil
 11407 | D:9      | Reached skill level 10 in Air Magic
 12125 | D:9      | Found a staircase to the Orcish Mines.
 12147 | D:9      | Reached skill level 5 in Dodging
 12147 | D:9      | Reached XP level 11. HP: 97/97 MP: 7/17
 12479 | D:9      | Noticed a boulder beetle
 12495 | D:9      | Killed a boulder beetle
 13172 | D:10     | Entered Level 10 of the Dungeon
 14167 | D:10     | Got the Anthology of Nature
 14243 | D:10     | Noticed Maurice
 14251 | D:10     | Killed Maurice
 14821 | D:10     | Noticed Grum
 14831 | D:10     | Killed Grum
 15294 | D:10     | Acquired 896 gold pieces
 15296 | D:10     | Acquired the Elucidation of Nonlocality
 15302 | D:10     | Learned a level 3 spell: Vhi's Electric Charge
 15306 | D:10     | Learned a level 3 spell: Swiftness
 15485 | D:11     | Slain by a gargoyle

Illustrated notes

Levels and vault maps discovered:
D:1:      heliophobic_arrival_dark_side_of_the_moon, layout_basic
D:2:      layout_basic, basic_altar,
          dreamdust_ecumenical_altar_angels_and_demons
D:3:      layout_basic, amethyst_overflow_temple_binary, serial_shops,
          nicolae_shop_window_shopping, roderic_batcave
D:4:      corexii_shantytown, layout_basic, chequers_jeans
D:5:      layout_cave_pools, nicolae_overflow_crystal_walls,
          portal_sewer_entry_b
D:6:      minmay_chambers_of_fours, layout_layer_cave, kennysheep_little_box,
          minmay_temple_entry_gardened_gates, gammafunk_ghost_abyssal_escape,
          minmay_curled_crystal, uniq_menkaure, uniq_duvessa
D:7:      layout_basic, mainiacjoe_overflow_24_doors
D:8:      layout_rooms, serial_shops, nicolae_shop_window_shopping,
          nicolae_take_the_stairs, uniq_pikel
D:9:      layout_loops_corners, mainiacjoe_overflow_boulevard,
          xom_confusion_cloud, nicolae_qazlal_eye_of_the_storm,
          lemuel_blue_sif_altar, erik_orc_4, enter_bailey_8,
          nzn_sisyphean_effort
D:10:     layout_loops_ring, chequers_temple_overflow_minitemple,
          kennysheep_big_empty_room, introduction_to_nature_1, uniq_maurice,
          uniq_grum
D:11:     layout_rooms, david_lair_shrubbed, minivault_24, bh_walls_and_bars

Skill      XL: |  1  2  3  4  5  6  7  8  9 10 11 |
---------------+----------------------------------+-----
Air Magic      | 3 4 5 6 7 8 9 10 | 10.8
Fighting       | 1 3 4 5 6 8 9 |  9.8
Short Blades   | 2 4 6 7 8 |  8.4
Dodging        | 2 5 6 |  6.2
Stealth        | |  1.7
Spellcasting   | |  1.7
Conjurations   | |  0.8

Action                     |  1- 3 |  4- 6 |  7- 9 | 10-12 || total
---------------------------+-------+-------+-------+-------++-------
  Melee: Hand axe          |    55 |    49 |       |       ||   104
         Punch             |     1 |     1 |       |       ||     2
         Dagger            |       |    67 |    64 |       ||   131
         Short sword       |       |       |   227 |   212 ||   439
   Cast: Shock             |    81 |    78 |    40 |    85 ||   284
         Static Discharge  |       |    40 |    22 |    67 ||   129
         Airstrike         |       |       |    10 |    77 ||    87
         Vhi's Electric Ch |       |       |       |     3 ||     3
         Swiftness         |       |       |       |     1 ||     1
    Use: Scroll            |       |    11 |     9 |     4 ||    24
         Potion            |       |     1 |       |     1 ||     2
   Stab: Sleeping          |       |     1 |       |       ||     1
 Armour: Robe              |    12 |       |       |       ||    12
         Leather armour    |    14 |    61 |    88 |    50 ||   213
  Dodge: Dodged            |    52 |   108 |   168 |   166 ||   494

Table legend: (Time is in decaauts)
 A = Elapsed time spent in this place.
 B = Non-inter-level travel time spent in this place.
 C = Inter-level travel time spent in this place.
 D = Time resting spent in this place.
 E = Time spent auto-exploring this place.
 F = Levels seen in this place.
 G = Mean time per level.
                   A        B        C        D        E       F      G
               +--------+--------+--------+--------+--------+-----+--------+
         Total |  15479 |  15027 |    452 |     30 |  12286 |  13 | 1190.7 |
       Dungeon |  13771 |  13319 |    452 |     30 |  10968 |  11 | 1251.9 |
         Sewer |    468 |    468 |      0 |      0 |    296 |   1 |  468.0 |
        Bailey |   1239 |   1239 |      0 |      0 |   1021 |   1 | 1239.0 |
               +--------+--------+--------+--------+--------+-----+--------+

Top non-repeatable levels by time:
     D:9: 2293 daAuts
    D:10: 1953 daAuts
     D:3: 1816 daAuts
     D:4: 1744 daAuts
     D:6: 1478 daAuts
  Bailey: 1239 daAuts
     D:1: 1093 daAuts
     D:2: 964 daAuts
     D:8: 899 daAuts
     D:5: 736 daAuts
     D:7: 637 daAuts
   Sewer: 468 daAuts
    D:11: 154 daAuts
